 Dungeon Crawl Stone Soup version 0.26-a0-663-g36e8fdb655 (webtiles) character file.

Game seed: 3749036943822293990

66 jiml777 the Grasshopper (level 4, 0/57 HPs)
             Began as a Gnoll Warper on Oct 11, 2020.
             Succumbed to an adder's poison
             ... on level 1 of the Dungeon.
             The game lasted 00:05:26 (1167 turns).

jiml777 the Grasshopper (Gnoll Warper)              Turns: 1167, Time: 00:05:27

Health: 0/57       AC: 22    Str: 14    XL:     4   Next: 15%
Magic:  11/11      EV:  2    Int: 16    God:
Gold:   73         SH:  0    Dex: 14    Spells: 11/13 levels left

rFire    . . .     SeeInvis .   h - +1 whip (venom)
rCold    . . .     Faith    .   (no shield)
rNeg     + + +     Spirit   .   (armour currently unavailable)
rPois    +         Reflect  .   (helmet currently unavailable)
rElec    .         Harm     .   (cloak currently unavailable)
rCorr    .         Rampage  .   (gloves currently unavailable)
MR       .....     NoTele   +   (boots currently unavailable)
Stlth    ++........             j - amulet of inaccuracy (curse)
HPRegen  0.19/turn              n - ring of positive energy
MPRegen  0.12/turn              (no ring)

@: lethally poisoned (0 -> 0), tree-form (expiring), berserk cooldown, slowed,
very slow
A: distributed training, strong nose
a: no special abilities


You were on level 1 of the Dungeon.
You were a tree.
You visited 1 branch of the dungeon, and saw 2 of its levels.

You collected 73 gold pieces.

Inventory:

Hand Weapons
 a - a +0 spear
 h - a +1 whip of venom (weapon)
Missiles
 e - 5 boomerangs of dispersal (quivered)
 g - 13 poisoned darts
 i - 8 boomerangs
 m - 12 arrows
Armour
 b - a +0 leather armour
 c - a +0 plate armour (melded)
Jewellery
 j - a cursed amulet of inaccuracy (around neck)
 n - a ring of positive energy (left branch)
Scrolls
 d - a scroll of blinking
Potions
 f - a potion of brilliance


   Skills:
 + Level 4.6 Fighting
 + Level 1.0 Short Blades
 + Level 1.0 Long Blades
 + Level 1.0 Axes
 + Level 1.0 Maces & Flails
 + Level 4.6 Polearms
 + Level 1.0 Staves
 + Level 1.0 Slings
 + Level 1.0 Bows
 + Level 1.0 Crossbows
 + Level 2.7 Throwing
 + Level 2.7 Armour
 + Level 4.6 Dodging
 + Level 1.0 Stealth
 + Level 1.0 Shields
 + Level 1.0 Unarmed Combat
 + Level 5.0 Spellcasting
 + Level 0.8 Conjurations
 + Level 0.8 Hexes
 + Level 0.8 Summonings
 + Level 0.8 Necromancy
 + Level 5.4 Translocations
 + Level 0.8 Transmutations
 + Level 0.8 Fire Magic
 + Level 0.8 Ice Magic
 + Level 0.8 Air Magic
 + Level 0.8 Earth Magic
 + Level 0.8 Poison Magic
 + Level 1.1 Invocations
 + Level 1.0 Evocations


You had 11 spell levels left.
You knew the following spells:

 Your Spells              Type           Power        Failure   Level
a - Blink                 Tloc           N/A          2%          2

Your spell library contained the following spells:

 Spells                   Type           Power        Failure   Level
 Gell's Gravitas          Tloc           ###.......   4%          3
 Lesser Beckoning         Tloc           ###.......   4%          3
 Teleport Other           Tloc           ###.....     4%          3
 Passage of Golubria      Tloc           N/A          16%         4


Dungeon Overview and Level Annotations

Branches:
Dungeon (2/15)

Altars:


Innate Abilities, Weirdness & Mutations

Your experience applies equally to all skills.
((You have very sharp teeth.))
Your uncanny sense of smell can sniff out nearby items.


Message History

You start resting.
You feel a strong urge to attack something.
You start resting.
You are no longer berserk.
You are exhausted.
You feel yourself slow down.
There is a lethal amount of poison in your body!
Okay, then.
You cannot move.
There is a lethal amount of poison in your body!
There is a lethal amount of poison in your body!
There is a lethal amount of poison in your body!
* * * LOW HITPOINT WARNING * * *
You feel sick.
* * * LOW HITPOINT WARNING * * *
You feel sick.
* * * LOW HITPOINT WARNING * * *
You feel sick.
Your transformation is almost over.
You die...

####################
#.......##.....♣...#
#.#.....##.#######.### ##
#.#.....##.# ##...## ### #.
#.#.#.#.##.# ####.....#####.####
##.#.....##.# #..........##...#..
...#.....##.# #..#..............#
##.#.#.#.##.###..##...##.##...###
#.#.....##.........####.###.## #
###..†..######....#####.# #.# #


There were no monsters in sight!

Vanquished Creatures
  3 adders
  2 dart slugs (D:1)
  11 bats
  A giant cockroach (D:1)
  A goblin (D:1)
  5 hobgoblins (D:1)
  7 kobolds (D:1)
  A frilled lizard (D:1)
  2 rats (D:1)
33 creatures vanquished.

Notes
Turn   | Place    | Note
-------+----------+-------------------------------------------
     0 | D:1      | jiml777 the Gnoll Warper began the quest for the Orb.
     0 | D:1      | Reached XP level 1. HP: 20/20 MP: 6/6
   114 | D:1      | Reached XP level 2. HP: 26/26 MP: 7/7
   760 | D:1      | Reached skill level 5 in Spellcasting
   760 | D:1      | Reached XP level 3. HP: 29/31 MP: 7/9
   764 | D:1      | Learned a level 2 spell: Blink
  1133 | D:2      | Reached skill level 1 in Invocations
  1137 | D:2      | Reached skill level 1 in Short Blades
  1137 | D:2      | Reached skill level 1 in Long Blades
  1137 | D:2      | Reached skill level 1 in Axes
  1137 | D:2      | Reached skill level 1 in Maces & Flails
  1137 | D:2      | Reached skill level 1 in Staves
  1137 | D:2      | Reached skill level 1 in Slings
  1137 | D:2      | Reached skill level 1 in Bows
  1137 | D:2      | Reached skill level 1 in Crossbows
  1137 | D:2      | Reached skill level 1 in Stealth
  1137 | D:2      | Reached skill level 1 in Shields
  1137 | D:2      | Reached skill level 1 in Unarmed Combat
  1137 | D:2      | Reached skill level 1 in Evocations
  1151 | D:1      | HP: 3/69 [adder (1)]
  1153 | D:1      | Reached XP level 4. HP: 3/38 MP: 11/11
  1159 | D:1      | HP: 1/57 [poisoned by an adder]
  1165 | D:1      | HP: 1/57 [poisoned by an adder]
  1167 | D:1      | Succumbed to an adder's poison

Illustrated notes

Levels and vault maps discovered:
D:1:      minmay_arrival_semitransparent, layout_loops_corners,
          minmay_crystal_room, columned_hall_lemuel, minmay_misc_feat_chi,
          minmay_fountain_box
D:2:      layout_basic, uniq_natasha

Skill      XL: |  1  2  3 |
---------------+----------+-----
Spellcasting   | 5 |  5.0
Invocations    | 1 |  1.1
Short Blades   | 1 |  1.0
Long Blades    | 1 |  1.0
Axes           | 1 |  1.0
Maces & Flails | 1 |  1.0
Staves         | 1 |  1.0
Slings         | 1 |  1.0
Bows           | 1 |  1.0
Crossbows      | 1 |  1.0
Stealth        | 1 |  1.0
Shields        | 1 |  1.0
Unarmed Combat | 1 |  1.0
Evocations     | 1 |  1.0
Fighting       | |  4.6
Polearms       | |  4.6
Throwing       | |  2.7
Armour         | |  2.7
Dodging        | |  4.6
Conjurations   | |  0.8
Hexes          | |  0.8
Summonings     | |  0.8
Necromancy     | |  0.8
Translocations | |  5.4
Transmutations | |  0.8
Fire Magic     | |  0.8
Ice Magic      | |  0.8
Air Magic      | |  0.8
Earth Magic    | |  0.8
Poison Magic   | |  0.8

Action                   |  1- 3 |  4- 6 || total
-------------------------+-------+-------++-------
Melee: Spear             |    49 |       ||    49
       Bite              |    11 |       ||    11
       Whip              |    94 |     2 ||    96
  Use: Scroll            |     4 |       ||     4
       Potion            |     2 |       ||     2
Armor: Plate armour      |   157 |       ||   157
       Skin              |     8 |     2 ||    10
Dodge: Dodged            |    44 |       ||    44

Table legend: (Time is in decaauts)
 A = Elapsed time spent in this place.
 B = Non-inter-level travel time spent in this place.
 C = Inter-level travel time spent in this place.
 D = Time resting spent in this place.
 E = Time spent auto-exploring this place.
 F = Levels seen in this place.
 G = Mean time per level.
                   A        B        C        D        E       F      G
               +--------+--------+--------+--------+--------+-----+--------+
         Total |   1167 |   1140 |     27 |      1 |    706 |   2 |  583.5 |
       Dungeon |   1167 |   1140 |     27 |      1 |    706 |   2 |  583.5 |
               +--------+--------+--------+--------+--------+-----+--------+

Top non-repeatable levels by time:
     D:1: 1103 daAuts
     D:2: 64 daAuts
